AoeStats
← Irving Legend

Arabia

510760140Analyzed
2v2 RM · 1d ago on Oct 2, 2026· 37m 6s· 4 players
Game mode
Random Map
Map size
Medium (4 player)
Population
200
Speed
Normal
Resources
Standard
Victory
Conquest
Starting age
Dark Age
Ending age
Imperial Age
RankedLock teamsTeams togetherTeam positionsShared explorationLock speedFull tech treeHidden civsTurbo modeCheats
Victory
Defeat
🇨🇦 Saxons · Canada
1126
+13
🇨🇴 Franks · Colombia
1085
+14
🇧🇪 Poles · Belgium
1053
-13
🇫🇷 Romans · France
1053
-14
Thousk_
6:21 Loom
9:01 Feudal Age
9:35 Double-Bit Axe
19:49 Castle Age
19:25 Scale Barding Armor
19:24 Gold Mining
21:21 Chain Barding Armor
21:47 Forging
28:50 Fletching
31:39 Bodkin Arrow
31:45 Scale Mail Armor
33:15 Chain Mail Armor
36:51 Imperial Age
38:01 Iron Casting
Irving Legend
6:52 Loom
9:10 Feudal Age
10:12 Double-Bit Axe
10:01 Man-at-Arms
15:38 Fletching
17:12 Horse Collar
18:48 Wheelbarrow
22:52 Castle Age
22:13 Padded Archer Armor
22:30 Town Watch
23:06 Crossbowman
25:30 Bow Saw
27:36 Bodkin Arrow
27:57 Leather Archer Armor
29:11 Ballistics
29:49 Thumb Ring
29:30 Pikeman
30:10 Squires
32:20 Stone Mining
32:24 Gold Mining
36:52 Imperial Age
37:04 Scale Mail Armor
37:15 Forging
Lü Bu
9:19 Feudal Age
9:47 Loom
12:00 Double-Bit Axe
14:44 Horse Collar
15:43 Man-at-Arms
20:54 Castle Age
19:06 Scale Mail Armor
18:28 Man-at-Arms
19:39 Forging
20:05 Town Watch
20:12 Gold Mining
22:01 Bow Saw
21:18 Long Swordsman
23:52 Wheelbarrow
23:48 Stone Mining
24:04 Heavy Plow
25:13 Gold Shaft Mining
25:14 Pikeman
25:54 Squires
27:03 Hand Cart
33:14 Town Patrol
33:58 Squires
roms1998
6:25 Loom
8:58 Feudal Age
9:27 Double-Bit Axe
9:24 Horse Collar
18:17 Bloodlines
20:30 Forging
21:12 Scale Barding Armor
23:17 Castle Age
24:18 Heavy Plow
23:53 Light Cavalry
25:09 Bow Saw
26:58 Husbandry
28:52 Wheelbarrow
28:50 Stone Mining
28:53 Gold Mining
30:04 Iron Casting
29:50 Chain Barding Armor
30:40 Hand Cart
30:13 Town Watch
32:11 Szlachta Privileges
34:22 Town Patrol
Connection lost

Rejoining the realm…

Still unreachable

The connection could not be restored.

Session expired

The server has moved on; the page needs a fresh start.